 Dungeon Crawl Stone Soup version 0.27-a0-1358-ga0a28fc8c3 (webtiles) character file.

Game seed: 13146088489747292443

13446 HAL9000 the Unseen (level 11, -7/62 HPs)
             Began as a Vampire Brigand on June 27, 2021.
             Was a Believer of Dithmenos.
             Mangled by a death yak (19 damage)
             ... on level 2 of the Lair of Beasts on June 28, 2021.
             The game lasted 00:33:50 (14840 turns).

HAL9000 the Unseen (Vampire Brigand)               Turns: 14840, Time: 00:33:51

Health: -7/62      AC: 13    Str: 13    XL:     11   Next: 75%
Magic:  11/11      EV: 14    Int: 14    God:    Dithmenos [**....]
Gold:   468        SH:  7    Dex: 16    Spells: 0/10 levels left

rFire    + . .     SeeInvis +   E - +2 dagger (vamp)
rCold    + + +     Faith    .   k - +2 buckler {rC+ rF+}
rNeg     + + +     Spirit   .   L - +0 steam dragon scales
rPois    ∞         Reflect  .   K - +0 helmet
rElec    .         Harm     .   s - +0 cloak of the Fiend {+Blink}
rCorr    .         Rampage  .   y - +2 pair of gloves
Will     +....                  R - +2 pair of boots Stlth **++++++++
                                D - amulet of regeneration
HPRegen  0.00/turn              (no ring)
MPRegen  0.12/turn              (no ring)

@: bloodless, wreathed by umbra
A: bloodless, fangs 3, see invisible, vampiric 2
a: Bat Form, Revivify, Renounce Religion, Evoke Blink, Shadow Step


You were on level 2 of the Lair of Beasts.
You worshipped Dithmenos.
Dithmenos was pleased with you.
You visited 3 branches of the dungeon, and saw 13 of its levels.

You collected 682 gold pieces.
You spent 214 gold pieces at shops.

Inventory:

Hand Weapons
 a - a +2 dagger
 b - a +3 falchion
 E - a +2 vampiric dagger (weapon)
Missiles
 d - 22 poisoned darts (quivered)
 e - 4 curare-tipped darts
 z - 7 silver boomerangs
 Q - 6 boomerangs
Armour
 k - a +2 buckler of resistance (worn)
 q - +0 acid dragon scales
 s - the +0 cloak of the Fiend (worn) {+Blink}
   (You found it on level 4 of the Dungeon)

   +Blink:    It lets you blink.
 y - a +2 pair of gloves (worn)
 K - a +0 helmet (worn)
 L - +0 steam dragon scales (worn)
 R - a +2 pair of boots (worn)
Jewellery
 n - an amulet of magic regeneration
 B - an amulet of the acrobat
 D - an amulet of regeneration (around neck)
 O - an amulet of reflection
Wands
 A - a wand of polymorph (7)
 C - a wand of digging (7)
 F - a wand of flame (29)
Scrolls
 f - 2 scrolls of blinking {unknown}
 g - 3 scrolls of noise {unknown}
 h - 7 scrolls of identify {unknown}
 i - 5 scrolls of magic mapping {unknown}
 j - 6 scrolls of teleportation
 m - 2 scrolls of fear {unknown}
 o - a scroll of amnesia {unknown}
 r - 3 scrolls of enchant weapon {unknown}
 u - a scroll of holy word {unknown}
 v - 2 scrolls of vulnerability {unknown}
 I - a scroll of immolation {unknown}
 M - 2 scrolls of torment {unknown}
 S - a scroll of brand weapon {unknown}
Potions
 c - a potion of lignification {unknown}
 l - 3 potions of might {unknown}
 p - 3 potions of heal wounds {unknown}
 t - 3 potions of curing
 w - 2 potions of berserk rage {unknown}
 x - 3 potions of flight {unknown}
 G - a potion of invisibility {unknown}
 H - a potion of cancellation {unknown}
 J - a potion of haste {unknown}
 N - a potion of degeneration {unknown}
 P - 2 potions of attraction {unknown}


   Skills:
 - Level 4.5 Fighting
 - Level 10.0 Short Blades
 - Level 1.5 Throwing
 + Level 2.0 Armour
 - Level 5.3 Dodging
 - Level 17.5 Stealth
 - Level 4.0 Shields
 - Level 8.6 Air Magic


You couldn't memorise any spells.
You knew the following spells:

 Your Spells              Type           Power      Damage    Failure   Level
a - Swiftness             Air            24%        N/A       2%          3
b - Airstrike             Air            12%        N/A       9%          4
c - Static Discharge      Conj/Air       12%        N/A       8%          2
d - Shock                 Conj/Air       48%        1d6       4%          1

Your spell library contained the following spells:

 Spells                   Type           Power      Damage    Failure   Level
 Summon Small Mammal      Summ           0%         N/A       28%         1
 Call Imp                 Summ           0%         N/A       41%         2
 Summon Lightning Spire   Summ/Air       12%        N/A       45%         4
 Call Canine Familiar     Summ           0%         N/A       65%         3
 Summon Guardian Golem    Hex/Summ       0%         N/A       65%         3
 Lightning Bolt           Conj/Air       6%         1d18      80%         5
 Summon Ice Beast         Ice/Summ       0%         N/A       96%         4
 Blade Hands              Tmut           0%         N/A       100%        5
 Irradiate                Conj/Tmut      0%         3d13      100%        5
 Statue Form              Tmut/Erth      0%         N/A       100%        6
 Dragon Form              Tmut           0%         N/A       100%        7
 Storm Form               Tmut/Air       6%         N/A       100%        7


Dungeon Overview and Level Annotations

Branches:
Dungeon (10/15)            Temple (1/1) D:4            Lair (2/6) D:9
  Swamp: Lair:2-4    Shoals: Lair:2-4     Snake: Lair:2-4    Spider: Lair:2-4
    Orc: D:9-12

Altars:
Ashenzari
Cheibriados
Dithmenos
Elyvilon
Fedhas
Gozag
Hepliaklqana
Kikubaaqudgha
Makhleb
Nemelex Xobeh
Okawaru
Qazlal
Ru
Sif Muna
Trog
Uskayaw
Vehumet
Wu Jian
Xom
Yredelemnul
The Shining One

Shops:
D:6 *


Innate Abilities, Weirdness & Mutations

You do not regenerate when monsters are visible.
You are frail without blood (-20% HP).
You can heal yourself when you bite living creatures.
You are immune to poison.
You have razor-sharp teeth.
You have supernaturally acute eyesight. (SInv)
You are afflicted with vampirism and can become a bat while bloodless.


Message History

Found a scale mail and 10 gold pieces.
There is a stone staircase leading up here.
Unknown command.
A basilisk is nearby!
Found a stone staircase leading down.
A basilisk is nearby!
The helpless basilisk fails to defend itself.
You bite the basilisk, and draw its blood!
You perforate the basilisk like a sieve!!!!
You kill the basilisk!
Dithmenos accepts your kill.
Your Armour skill increases to level 2!
You now have 468 gold pieces (gained 10). 3 death yaks and a wyvern come into view.
Found a robe.
There are monsters nearby!
A death yak comes into view.
A death yak comes into view.
The death yak bellows! x2; You hear a howl!
The wyvern hisses angrily.
The death yak bellows! x2
A wolf comes into view.
Something bites the plant!
The plant begins to die.
The wyvern hisses menacingly.
A wolf comes into view.
The wolf moves out of view.
You block the wyvern's attack.
A wolf comes into view.
You block the wyvern's attack. You block the wyvern's attack.
There is a stone staircase leading up here.
The death yak gores you!
You climb upwards.
There is a stone staircase leading down here.
The death yak barely misses you.
You climb downwards.
The wyvern bites you. The death yak gores you!
The wyvern bites you but does no damage.
You block the death yak's attack. The death yak gores you!!
* * * LOW HITPOINT WARNING * * *
The death yak gores you!!
You die...

#.......
######...[..#
##.......h...#
###............#
#.#...........#
#............#
#..........#.#
#.#YYY.......##
#.Y@l.......###
##.#Y.........#
###.........##
##........#
#........#
##......##
##.....#
#.......
#.#...>.


You could see 5 death yaks, a wyvern and a wolf (wandering).

Vanquished Creatures
  4 two-headed ogres
  3 death yaks (D:9)
  Sonja (D:10)
  A cane toad (Lair:1)
  Maggie (Lair:1)
  2 komodo dragons
  A troll (D:8)
  A hornet (D:8)
  3 wyverns
  A basilisk (Lair:2)
  12 yaks
  Grum (D:8)
  2 steam dragons (D:8)
  Menkaure (D:4)
  Edmund (D:4)
  An acid dragon (D:9)
  7 water moccasins
  A hornet zombie (D:9)
  2 ice beasts
  4 orc warriors
  A sky beast (D:6)
  5 black bears
  3 ogres (D:5)
  4 wolves (D:8)
  2 centaurs (D:9)
  A phantom (D:5)
  4 bullfrogs
  4 killer bees (D:8)
  3 wights (D:8)
  A centaur zombie (D:8)
  3 jellies
  4 orc priests
  A bullfrog zombie (D:6)
  A centaur skeleton (D:4)
  4 orc wizards
  Natasha (thrice) (D:4)
  2 howler monkey zombies
  8 adders
  A shadow imp (D:5)
  An ufetubus (D:7)
  3 worms
  6 dart slugs
  38 orcs
  9 ball pythons
  4 bats (D:1)
  10 endoplasms
  3 giant cockroaches
  9 goblins
  8 hobgoblins
  12 jackals
  2 quokkas
  4 frilled lizards
  7 kobolds
  9 rats
230 creatures vanquished.

Vanquished Creatures (others)
  28 fungi (D:9)
  49 plants
77 creatures vanquished.

Grand Total: 307 creatures vanquished

Notes
Turn   | Place    | Note
-------+----------+-------------------------------------------
     0 | D:1      | HAL9000 the Vampire Brigand began the quest for the Orb.
     0 | D:1      | Reached XP level 1. HP: 16/16 MP: 1/1
   116 | D:1      | Reached XP level 2. HP: 22/22 MP: 2/2
   654 | D:1      | Gained mutation: You are afflicted with vampirism and can
                  | become a bat while bloodless. [Vampire growth]
   654 | D:1      | Reached XP level 3. HP: 27/27 MP: 3/3
   911 | D:1      | Reached skill level 6 in Stealth
  1464 | D:2      | Reached skill level 7 in Stealth
  1464 | D:2      | Reached XP level 4. HP: 25/33 MP: 4/4
  2081 | D:2      | Reached skill level 1 in Shields
  2453 | D:3      | Reached XP level 5. HP: 38/38 MP: 5/5
  2917 | D:4      | Noticed a black bear
  2919 | D:4      | Killed a black bear
  2986 | D:4      | Found a staircase to the Ecumenical Temple.
  3024 | Temple   | Entered the Ecumenical Temple
  3127 | Temple   | Became a worshipper of Dithmenos the Shadowed
  3138 | D:4      | Noticed Natasha
  3152 | D:4      | Killed Natasha
  3153 | D:4      | Reached XP level 6. HP: 23/44 MP: 6/6
  3317 | D:4      | Noticed Natasha
  3326 | D:4      | Killed Natasha
  3522 | D:4      | Noticed Natasha
  3543 | D:4      | Killed Natasha
  3789 | D:4      | Identified the +0 cloak of the Fiend {+Blink}
  3847 | D:4      | Noticed Menkaure
  3855 | D:4      | Killed Menkaure
  3856 | D:4      | Reached skill level 5 in Short Blades
  3929 | D:4      | Noticed Edmund
  3964 | D:4      | Killed Edmund
  3965 | D:4      | Reached XP level 7. HP: 14/40 MP: 7/7
  4542 | D:5      | Entered Level 5 of the Dungeon
  5776 | D:6      | Reached XP level 8. HP: 46/46 MP: 8/8
  6407 | D:6      | Found Juzeng's General Store.
  6416 | D:6      | Bought a +2 pair of gloves for 214 gold pieces
  7282 | D:6      | Reached * piety under Dithmenos
  7679 | D:6      | Reached skill level 10 in Short Blades
  7776 | D:6      | Reached skill level 8 in Stealth
  7776 | D:6      | Reached XP level 9. HP: 52/66 MP: 9/9
  7795 | D:6      | Reached skill level 9 in Stealth
  8033 | D:7      | Reached skill level 10 in Stealth
  8796 | D:8      | Reached skill level 11 in Stealth
  8988 | D:8      | Reached skill level 12 in Stealth
  9208 | D:8      | Noticed a two-headed ogre
  9214 | D:8      | Killed a two-headed ogre
  9215 | D:8      | Reached skill level 14 in Stealth
  9566 | D:8      | Reached XP level 10. HP: 30/73 MP: 10/10
  9817 | D:8      | Learned a level 3 spell: Swiftness
 10305 | D:8      | Reached skill level 15 in Stealth
 11007 | D:8      | Reached ** piety under Dithmenos
 11040 | D:9      | Noticed a two-headed ogre
 11040 | D:9      | Noticed a two-headed ogre
 11341 | D:9      | Noticed Grum
 11637 | D:8      | Reached skill level 16 in Stealth
 11689 | D:8      | Killed a two-headed ogre
 11846 | D:8      | Reached skill level 17 in Stealth
 11846 | D:8      | Killed Grum
 11943 | D:9      | Upgraded the game from 0.27-a0-1342-ga99462a43c to
                  | 0.27-a0-1358-ga0a28fc8c3
 11948 | D:9      | Noticed a two-headed ogre
 12196 | D:9      | Killed a two-headed ogre
 12380 | D:8      | Reached skill level 5 in Air Magic
 12380 | D:8      | Reached XP level 11. HP: 10/78 MP: 11/11
 12494 | D:9      | Found a staircase to the Lair.
 12555 | D:9      | Killed a two-headed ogre
 12908 | D:10     | Entered Level 10 of the Dungeon
 12948 | D:10     | Noticed Sonja
 12954 | D:10     | Killed Sonja
 13076 | Lair:1   | Entered Level 1 of the Lair of Beasts
 13272 | D:9      | Reached *** piety under Dithmenos
 13273 | D:9      | Reached skill level 5 in Dodging
 13311 | D:9      | Learned a level 4 spell: Airstrike
 13314 | D:9      | Learned a level 2 spell: Static Discharge
 13316 | D:9      | Learned a level 1 spell: Shock
 13729 | Lair:1   | Noticed a death yak
 13729 | Lair:1   | Noticed a death yak
 13730 | Lair:1   | Noticed a death yak
 13995 | D:9      | Killed a death yak
 14150 | D:9      | Killed a death yak
 14273 | D:9      | Killed a death yak
 14329 | Lair:1   | Noticed Maggie
 14336 | Lair:1   | Killed Maggie
 14337 | Lair:1   | Reached skill level 1 in Armour
 14825 | Lair:2   | Noticed a death yak
 14825 | Lair:2   | Noticed a death yak
 14825 | Lair:2   | Noticed a death yak
 14826 | Lair:2   | Noticed a death yak
 14827 | Lair:2   | Noticed a death yak
 14840 | Lair:2   | Mangled by a death yak

Illustrated notes

Levels and vault maps discovered:
D:1:      beargit_arrival_diablo_church, layout_basic, kennysheep_another_room,
          due_unseen_surprise
D:2:      layout_loops_ring, kennysheep_generic_room_16
D:3:      layout_basic, hex_large
D:4:      layout_basic, minmay_temple_entry_ruins, uniq_menkaure, uniq_edmund,
          uniq_natasha
D:5:      layout_gridville
D:6:      layout_layer_cave, serial_shops, shop_fountains
D:7:      layout_cave_pods
D:8:      layout_loops_corners, serial_rivers, chequers_serial_rivers_micro_a,
          chequers_serial_rivers_micro_b, chequers_serial_rivers_room_b,
          chequers_serial_rivers_small_3, chequers_serial_rivers_micro_c,
          hangedman_decor_lopped, st_stairs_10, hangedman_abyss_or_decor_clamps,
          patterned_corridor
D:9:      layout_cross, due_lair_maze_entry_diamond, uniq_grum
D:10:     layout_roguey, zin_purify, minmay_orc_entry_guard_dogs, uniq_sonja
Temple:   dpeg_three_leaves_temple
Lair:1:   layout_chaotic_city, uniq_maggie
Lair:2:   nzn_winding_woodlands_large [nzn_winding_woodlands_5x5_closed_star,
          nzn_winding_woodlands_5x15_sawtooth, nzn_winding_woodlands_5x5_cross,
          nzn_winding_woodlands_center_pierced_h,
          nzn_winding_woodlands_15x15_five_gardens,
          nzn_winding_woodlands_center_triple_pond,
          nzn_winding_woodlands_5x5_default, nzn_winding_woodlands_5x15_jagged,
          nzn_winding_woodlands_hourglass], layout_cave_shapes,
          skrybe_swamp_entry_bodies

Skill      XL: |  1  2  3  4  5  6  7  8  9 10 11 |
---------------+----------------------------------+-----
Short Blades   | 3 4 5 7 10 | 10.0
Stealth        | 7 8 14 17 | 17.5
Shields        | 1 3 4 |  4.0
Fighting       | 2 3 4 |  4.5
Air Magic      | 5 8 |  8.6
Dodging        | 5 |  5.3
Armour         | 2 |  2.0
Throwing       | |  1.5

Action                   |  1- 3 |  4- 6 |  7- 9 | 10-12 || total
-------------------------+-------+-------+-------+-------++-------
Melee: Dagger            |   140 |   204 |   406 |   931 ||  1681
       Bite              |    14 |    23 |    41 |   132 ||   210
       Falchion          |       |       |       |    16 ||    16
Throw: Dart              |     3 |    17 |    37 |    76 ||   133
       Boomerang         |       |       |       |     2 ||     2
 Cast: Shock             |       |       |       |     7 ||     7
       Airstrike         |       |       |       |     2 ||     2
       Swiftness         |       |       |       |     1 ||     1
       Static Discharge  |       |       |       |     1 ||     1
 Abil: Exsanguinate      |       |     1 |       |     1 ||     2
       Revivify          |       |       |     1 |       ||     1
Evoke: Wand              |       |       |       |     3 ||     3
  Use: Scroll            |       |       |     1 |     1 ||     2
 Stab: Sleeping          |     7 |    18 |    19 |    18 ||    62
       Distracted        |       |       |     1 |     3 ||     4
Armor: Robe              |    42 |    29 |    41 |       ||   112
       Steam dragon scal |       |       |       |   165 ||   165
Dodge: Dodged            |    80 |    84 |   123 |   354 ||   641
Block: Buckler           |       |    26 |    80 |   237 ||   343
       Rpst.: Falchion   |       |       |       |     2 ||     2

Table legend: (Time is in decaauts)
 A = Elapsed time spent in this place.
 B = Non-inter-level travel time spent in this place.
 C = Inter-level travel time spent in this place.
 D = Time resting spent in this place.
 E = Time spent auto-exploring this place.
 F = Levels seen in this place.
 G = Mean time per level.
                   A        B        C        D        E       F      G
               +--------+--------+--------+--------+--------+-----+--------+
         Total |  14170 |  13349 |    821 |   2894 |   7075 |  13 | 1090.0 |
       Dungeon |  13005 |  12194 |    811 |   2775 |   6345 |  10 | 1300.5 |
        Temple |    109 |    103 |      6 |     27 |     64 |   1 |  109.0 |
          Lair |   1055 |   1051 |      4 |     92 |    665 |   2 |  527.5 |
               +--------+--------+--------+--------+--------+-----+--------+

Top non-repeatable levels by time:
     D:8: 2945 daAuts
     D:6: 1764 daAuts
     D:4: 1495 daAuts
     D:5: 1460 daAuts
     D:9: 1350 daAuts
     D:1: 1117 daAuts
  Lair:1: 1030 daAuts
     D:2: 1000 daAuts
     D:7: 984 daAuts
     D:3: 755 daAuts
    D:10: 130 daAuts
  Temple: 109 daAuts
  Lair:2: 25 daAuts
